Map: Prion Terraces

Players

HuK - Winner!

  • Race: Protoss Protoss
  • League: Grandmaster

MarineLorD

  • Race: Terran Terran
  • League: Grandmaster

Event: NationWars III

VOD

Have the link to the VOD?

Description

Time

  • Played on: Jan. 2, 2016, 5:25 p.m.
  • Length: 6:49
Show
View Real Time Build Order
Export as new Build Order

HuK Protoss - Winner!

Build Orders: Nexus First, Phoenix Opening 

Get SALT Encoding   

  12  0:01  Probe (Chrono Boost)  
  13  0:11  Probe (Chrono Boost)  
  14  0:18  Pylon  
  14  0:22  Probe (Chrono Boost)  
  15  0:36  Probe (Chrono Boost)  
  16  0:47  Probe (Chrono Boost)  
  17  0:59  Nexus  
  17  1:06  Gateway  
  17  1:10  Probe (Chrono Boost)  
  18  1:15  Assimilator  
  18  1:20  Probe (Chrono Boost)  
  18  1:22  Assimilator  
  19  1:31  Probe (Chrono Boost)  
  20  1:35  Gateway  
  20  1:41  Probe (Chrono Boost)  
  21  1:52  Probe (Chrono Boost)  
  21  1:54  Cybernetics Core  
  22  2:02  Probe (Chrono Boost)  
  23  2:13  Probe (Chrono Boost)  
  24  2:17  Probe (Chrono Boost)  
  25  2:24  Probe (Chrono Boost)  
  25  2:27  Probe (Chrono Boost)  
  27  2:30  Warp Gate  
  27  2:34  Probe (Chrono Boost)  
  27  2:35  Stargate  
  28  2:38  Probe (Chrono Boost)  
  29  2:45  Probe (Chrono Boost)  
  29  2:49  Probe (Chrono Boost)  
  29  2:50  Pylon  
  31  2:57  Mothership Core (Chrono Boost)  
  33  3:00  Adept x2  
  33  3:02  Probe (Chrono Boost)  
  38  3:11  Pylon  
  38  3:12  Probe (Chrono Boost)  
  39  3:15  Probe (Chrono Boost)  
  39  3:19  Phoenix (Chrono Boost)  
  42  3:21  Pylon  
  42  3:22  Probe  
  42  3:26  Probe  
  44  3:33  Probe  
  44  3:38  Probe  
  44  3:41  Gateway  
  46  3:43  Phoenix (Chrono Boost)  
  46  3:46  Probe  
  49  3:51  Probe, Gateway  
  49  3:54  Gateway  
  50  4:00  Probe  
  51  4:05  Phoenix (Chrono Boost)  
  51  4:06  Assimilator  
  53  4:11  Assimilator  
  53  4:16  Probe  
  53  4:17  Probe  
  53  4:21  Pylon  
  55  4:25  Pylon, Phoenix (Chrono Boost)  
  57  4:31  Probe  
  57  4:35  Sentry, Zealot  
  62  4:39  Probe  
  62  4:42  Pylon  
  62  4:44  Probe  
  64  4:46  Phoenix  
  64  4:52  Probe  
  67  4:54  Adept x3  
  67  4:57  Adept  
  67  4:58  Adept  
  77  5:07  Pylon  
  75  5:22  Stalker x5  
  75  5:27  Pylon  
  85  5:47  Stalker  
  85  5:48  Stalker x4  
  75  6:05  Phoenix  
  69  6:14  Adept x5  
  81  6:40  Stalker x3  
  81  6:41  Stalker, Zealot  
Show
View Real Time Build Order
Export as new Build Order

MarineLorD Terran 

Build Orders: Liberator Opening 

Get SALT Encoding   

  12  0:00  SCV  
  13  0:12  SCV  
  14  0:17  Supply Depot  
  14  0:24  SCV  
  15  0:38  SCV  
  15  0:40  Barracks  
  16  0:45  Refinery  
  16  0:51  SCV  
  17  1:03  SCV  
  18  1:15  SCV  
  19  1:27  Orbital Command  
  19  1:28  Barracks Reactor  
  19  1:41  Command Center  
  19  1:53  SCV  
  20  1:54  Supply Depot  
  20  2:04  Marine x2  
  20  2:06  SCV  
  23  2:18  SCV, Factory  
  23  2:22  Marine x2  
  26  2:30  SCV  
  26  2:32  Bunker  
  27  2:40  Marine x2  
  27  2:42  SCV  
  30  2:45  Refinery  
  30  2:54  SCV  
  30  2:55  Orbital Command  
  31  3:00  Marine x2  
  33  3:06  SCV  
  33  3:09  Factory Tech Lab  
  34  3:14  Starport  
  34  3:18  SCV  
  35  3:21  SCV  
  35  3:23  Marine x2  
  38  3:30  Supply Depot, SCV  
  38  3:33  SCV  
  40  3:38  Cyclone  
  43  3:42  Supply Depot, Liberator  
  43  3:43  SCV  
  43  3:47  SCV  
  45  3:49  Marine  
  45  3:51  Marine  
  47  3:55  SCV  
  47  4:00  SCV  
  52  4:08  SCV, Supply Depot  
  52  4:09  Marine x2  
  55  4:16  SCV  
  56  4:20  SCV, Factory Tech Lab  
  56  4:21  Supply Depot  
  57  4:27  Marine x2  
  57  4:28  SCV, Liberator  
  60  4:32  SCV  
  60  4:34  Supply Depot  
  60  4:38  Barracks  
  61  4:44  SCV, Barracks  
  61  4:45  Factory Reactor  
  62  4:47  SCV  
  62  4:52  Marine x2  
  67  4:56  SCV  
  67  4:59  Engineering Bay  
  68  5:02  Supply Depot  
  68  5:03  SCV  
  69  5:08  SCV  
  70  5:15  SCV  
  70  5:20  SCV  
  72  5:27  SCV, Refinery, Missile Turret  
  73  5:32  SCV  
  73  5:33  Marauder  
  76  5:39  SCV  
  76  5:42  Supply Depot  
  77  5:44  SCV  
  78  5:50  Marine  
  78  5:51  SCV  
  78  5:52  Marine  
  78  5:56  SCV  
  72  6:00  Marine  
  72  6:03  SCV  
  61  6:05  Marine  
  61  6:08  Marine  
  61  6:09  SCV  
  56  6:16  Widow Mine  
  56  6:21  SCV  
  56  6:23  SCV  
  56  6:24  Marine x2  
  62  6:26  Marine  
  62  6:29  Marine  
  63  6:33  SCV  
  63  6:35  SCV  
Tags
 
Add a new tag
Caveats
  • Supply blocks, unpowered buildings, or Contaminate may cause inaccurate times.
  • Supply counts are checked every 10 seconds.